 Dungeon Crawl Stone Soup version 0.28-a0-479-g5baa6b73be (webtiles) character file.

Game seed: 16249468081613375286

10585 timneilson the Protected (level 11, -3/67 HPs)
             Began as a Gargoyle Fighter on Sept 17, 2021.
             Was an Elder of Okawaru.
             Slain by a freezing wraith (17 damage)
             ... led by a death knight
             ... on level 11 of the Dungeon.
             The game lasted 00:23:34 (12671 turns).

timneilson the Protected (Gargoyle Fighter)        Turns: 12671, Time: 00:23:34

Health: -3/67      AC: 25    Str: 23    XL:     11   Next: 64%
Magic:  15/15      EV:  7    Int:  9    God:    Okawaru [****..]
Gold:   688        SH: 10    Dex:  9    Spells: 10/10 levels left

rFire   + . .      SeeInvis .   a - +1 long sword (drain)
rCold   . . .      Faith    .   b - +0 kite shield
rNeg    + . .      Spirit   .   c - +2 chain mail {rF+}
rPois   ∞          Reflect  .   (no helmet)
rElec   +          Harm     .   (no cloak)
rCorr   .          Rampage  .   e - +1 pair of gloves
Will    .....                   k - +0 pair of boots
Stlth   ..........              (no amulet)
HPRegen 0.21/turn               (no ring)
MPRegen 0.14/turn               (no ring)

@: slowed, very slow
A: sickness immunity, AC +8, negative energy resistance 1, electricity
resistance, torment resistance 1, petrification resistance
a: Renounce Religion, Heroism, Finesse


You were on level 11 of the Dungeon.
You worshipped Okawaru.
Okawaru was greatly pleased with you.
You visited 2 branches of the dungeon, and saw 12 of its levels.
You also visited: Ossuary.

You collected 688 gold pieces.

Inventory:

Hand Weapons
 a - a +1 long sword of draining (weapon)
Armour
 b - a +0 kite shield (worn)
 c - a +2 chain mail of fire resistance (worn)
 e - a +1 pair of gloves (worn)
 i - a +0 plate armour
 k - a +0 pair of boots (worn)
Wands
 l - a wand of iceblast (24)
 s - a wand of polymorph (8)
 v - a wand of flame (17)
 w - a wand of acid (7)
Scrolls
 d - 8 scrolls of teleportation
 h - a scroll of enchant armour
 j - a scroll of enchant weapon
 x - a scroll of identify
Potions
 f - a potion of attraction
 g - a potion of heal wounds
 m - 3 potions of flight
 n - a potion of brilliance
 o - 3 potions of curing
 p - 3 potions of mutation
 q - a potion of might
 t - a potion of haste
 u - a potion of lignification


   Skills:
 + Level 7.4 Fighting
 * Level 8.1 Long Blades
 * Level 10.0 Armour
 * Level 9.9 Shields
 + Level 6.4 Invocations
 + Level 5.3 Evocations


You had 10 spell levels left.
You didn't know any spells.
Your spell library contained the following spells:

 Spells                   Type           Power      Damage    Failure   Level
 Magic Dart               Conj           0%         1d3       99%         1
 Ignite Poison            Fire/Tmut/Pois 0%         N/A       100%        3
 Mephitic Cloud           Conj/Pois/Air  0%         N/A       100%        3
 Ozocubu's Armour         Ice            0%         N/A       100%        3
 Freezing Cloud           Conj/Ice/Air   0%         6-21      100%        5
 Ozocubu's Refrigeration  Ice            0%         4d5       100%        7
 Maxwell's Capacitive Co  Air            0%         ∞         100%        8
 Necromutation            Tmut/Necr      0%         N/A       100%        8
 Call Imp                 Summ           Unusable   N/A       N/A         2
 Summon Lightning Spire   Summ/Air       Unusable   N/A       N/A         4

Dungeon Overview and Level Annotations

Branches:
Dungeon (11/15)            Temple (1/1) D:4            Lair (0/6) D:11
    Orc (0/2) D:10        Ossuary (visited)

Altars:
Ashenzari
Cheibriados
Dithmenos
Elyvilon
Fedhas
Gozag
Hepliaklqana
Kikubaaqudgha
Makhleb
Nemelex Xobeh
Okawaru
Qazlal
Ru
Sif Muna
Trog
Uskayaw
Vehumet
Wu Jian
Xom
Yredelemnul
Zin
The Shining One

Shops:
D:2 ?   D:4 *


Innate Abilities, Weirdness & Mutations

You are immune to sickness and miasma.
Your stone body is resilient. (AC +8)
You are immune to poison.
You resist negative energy. (rN+)
You are resistant to electric shocks. (rElec)
You are resistant to unholy torment.
You are immune to petrification.


Message History

You hit the freezing wraith.
Lightning courses through the freezing wraith!
The freezing wraith is heavily damaged.
You block the freezing wraith's attack. x2
A freezing wraith comes into view.
The freezing wraith hits you but does no damage.
You block the freezing wraith's attack.
You closely miss the freezing wraith.
The freezing wraith is heavily damaged.
A wraith comes into view.
The freezing wraith hits you! The freezing wraith freezes you!!
You block the freezing wraith's attack.
You closely miss the freezing wraith.
The freezing wraith is heavily damaged.
You block the freezing wraith's attack. x2
Unknown command.
You hit the freezing wraith.
The freezing wraith is heavily damaged.
The freezing wraith hits you! The freezing wraith freezes you!!
* * * LOW HITPOINT WARNING * * *
You block the freezing wraith's attack.
A death knight comes into view. It is wielding a +0 halberd.
Unknown command.
You block the freezing wraith's attack. The freezing wraith hits you.
* * * LOW HITPOINT WARNING * * *
You feel much better.
The freezing wraith hits you but does no damage.
The freezing wraith hits you!
* * * LOW HITPOINT WARNING * * *
The freezing wraith drains your vigour!
You feel yourself slow down.
As you read the scroll of brand weapon, it crumbles to dust.
Your +1 long sword of electrocution craves living souls!
a - a +1 long sword of draining (weapon)
The freezing wraith hits you but does no damage. x2
You closely miss the freezing wraith.
The freezing wraith is heavily damaged.
The freezing wraith hits you.
* * * LOW HITPOINT WARNING * * *
The freezing wraith freezes you!
You die...

#....# #...###....#.
#....##.....##....#.
#....#....P..#....#.
#....#..P....#....'. p
#.................#. ...
#.............#####.
....####........>.......+..
........................#..
........WW@............ #..
.........W..#.....P.# #..
............#.......# #..
............##.....## #..
###############..†#######..
.........†.......
.................
...#....#######... ..
#..... ....


You could see 2 freezing wraiths and a wraith.

Vanquished Creatures
  3 two-headed ogres
  A cyclops (D:10)
  An elephant (D:11)
  5 centaur zombies
  Psyche (D:8)
  Grinder (D:3)
  A hornet (D:10)
  Sigmund (D:6)
  A shadow (D:10)
  14 yaks
  A basilisk (D:11)
  Edmund (D:6)
  2 water moccasins
  An orc warrior (D:9)
  An ice beast (D:4)
  3 sky beasts
  A black bear (D:11)
  4 necrophages
  A centaur (D:10)
  2 phantoms
  2 kobold brigands (D:6)
  An elf zombie (Ossuary)
  A bullfrog (D:8)
  2 gnoll sergeants
  A scorpion (D:4)
  2 water moccasin zombies
  2 troll zombies (D:10)
  3 killer bees (D:9)
  10 wights
  A bullfrog zombie (D:6)
  A hound (D:6)
  A jelly (D:4)
  A gnoll shaman (D:5)
  7 orc priests
  5 human zombies
  7 iguanas
  10 orc wizards
  Natasha (thrice) (D:4)
  4 ogre zombies (D:10)
  2 hound skeletons (D:4)
  5 mummies
  A howler monkey zombie (D:10)
  15 gnolls
  4 adders
  2 shadow imps
  2 white imps (D:6)
  2 ufetubi
  2 adder zombies (Ossuary)
  An adder skeleton (D:4)
  34 orcs
  7 ball pythons
  2 bats
  8 endoplasms
  A giant cockroach (D:1)
  7 goblins
  5 hobgoblins
  4 jackals (D:4)
  4 quokkas
  5 frilled lizards
  2 goblin skeletons (D:10)
  2 goblin zombies
  2 hobgoblin skeletons (D:10)
  11 hobgoblin zombies
  A jackal zombie (Ossuary)
  12 kobolds
  13 kobold zombies (Ossuary)
  An orc skeleton (D:10)
  15 orc zombies
  2 rats
  2 rat zombies (Ossuary)
286 creatures vanquished.

Vanquished Creatures (others)
  A fungus (D:11)
  2 plants (D:11)
3 creatures vanquished.

Grand Total: 289 creatures vanquished

Notes
Turn   | Place    | Note
-------+----------+-------------------------------------------
     0 | D:1      | timneilson the Gargoyle Fighter began the quest for the
                  | Orb.
     0 | D:1      | Reached XP level 1. HP: 14/14 MP: 1/1
   417 | D:1      | Reached XP level 2. HP: 19/19 MP: 2/2
   787 | D:2      | Found Goakh's Magic Scroll Shop.
  1120 | D:2      | Found a faded altar of an unknown god.
  1328 | D:2      | Reached XP level 3. HP: 12/23 MP: 3/3
  2028 | D:3      | Noticed Grinder
  2035 | D:3      | Killed Grinder
  2036 | D:3      | Reached skill level 4 in Armour
  2036 | D:3      | Reached skill level 1 in Invocations
  2036 | D:3      | Reached skill level 1 in Evocations
  2036 | D:3      | Reached XP level 4. HP: 15/29 MP: 3/5
  2036 | D:3      | Reached XP level 5. HP: 17/33 MP: 3/6
  2451 | D:3      | Reached XP level 6. HP: 38/38 MP: 7/7
  2986 | D:4      | Noticed Natasha
  3009 | D:4      | Killed Natasha
  3090 | D:4      | Found an ancient bone altar of Kikubaaqudgha.
  3125 | D:4      | Found a staircase to the Ecumenical Temple.
  3134 | Temple   | Entered the Ecumenical Temple
  3393 | D:4      | Noticed Natasha
  3420 | D:4      | Killed Natasha
  3428 | D:4      | Reached XP level 7. HP: 16/43 MP: 8/8
  3438 | D:4      | Reached skill level 5 in Armour
  3438 | D:4      | Reached skill level 5 in Shields
  3450 | D:4      | Noticed Natasha
  3465 | D:4      | Killed Natasha
  3653 | D:4      | Found a sand-covered staircase.
  3661 | Ossuary  | Entered an ossuary
  4358 | Ossuary  | Reached XP level 8. HP: 38/48 MP: 10/10
  4474 | D:4      | Got Motafiph's Almanac of Mutagenic Flight
  4726 | D:4      | Found Ykkystro's Overcharged Wands.
  5109 | D:5      | Entered Level 5 of the Dungeon
  5455 | D:5      | Noticed a yak
  5458 | D:5      | Noticed a yak
  5458 | D:5      | Noticed a yak
  5493 | D:4      | Killed a yak
  5565 | D:5      | Reached skill level 6 in Armour
  5625 | D:5      | Noticed a yak
  5633 | D:5      | Noticed a yak
  5667 | D:5      | Killed a yak
  5673 | D:5      | Killed a yak
  5674 | D:5      | Reached skill level 5 in Fighting
  5676 | D:5      | Killed a yak
  5677 | D:5      | Reached skill level 5 in Long Blades
  5683 | D:5      | Killed a yak
  5684 | D:5      | Reached XP level 9. HP: 12/54 MP: 11/11
  6108 | D:5      | Found an iron altar of Okawaru.
  6113 | D:5      | Became a worshipper of Warmaster Okawaru
  6164 | D:5      | Reached skill level 7 in Armour
  6400 | D:5      | Found a burning altar of Makhleb.
  7036 | D:6      | Found a basalt altar of Yredelemnul.
  7089 | D:6      | Reached * piety under Okawaru
  7390 | D:6      | Noticed Sigmund
  7402 | D:6      | Killed Sigmund
  7442 | D:6      | Reached XP level 10. HP: 49/60 MP: 13/13
  7530 | D:6      | Noticed Edmund
  7560 | D:6      | Killed Edmund
  7561 | D:6      | Reached skill level 8 in Armour
  7915 | D:6      | Reached skill level 5 in Invocations
  8329 | D:7      | Reached ** piety under Okawaru
  8946 | D:7      | You fall into a shaft and drop 3 floors!
  8946 | D:10     | Entered Level 10 of the Dungeon
  8962 | D:10     | Noticed a two-headed ogre
  9099 | D:10     | Found a staircase to the Orcish Mines.
  9754 | D:8      | Found a shimmering altar of Xom.
  9956 | D:8      | Identified the +2 ring mail of Immorality {-Cast rElec
                  | Str+3 Slay+3}
 10305 | D:8      | Noticed Psyche
 10360 | D:8      | Killed Psyche
 10360 | D:8      | Reached *** piety under Okawaru
 10590 | D:9      | Reached skill level 9 in Armour
 10900 | D:9      | Reached XP level 11. HP: 33/66 MP: 15/15
 11186 | D:9      | Noticed a two-headed ogre
 11194 | D:9      | Killed a two-headed ogre
 11194 | D:9      | Reached **** piety under Okawaru
 11195 | D:9      | Reached skill level 5 in Evocations
 11638 | D:10     | Identified the +6 hunting sling of the Heavens {vorpal, rF+
                  | rC+ Str+4}
 11641 | D:10     | Found a broken altar of Ashenzari.
 11645 | D:10     | Found a hide-covered altar of Uskayaw.
 11651 | D:10     | Found a white marble altar of Elyvilon.
 11655 | D:10     | Noticed a cyclops
 11665 | D:10     | Killed a cyclops
 11901 | D:10     | Killed a two-headed ogre
 11985 | D:10     | Noticed a two-headed ogre
 11997 | D:10     | Killed a two-headed ogre
 12597 | D:11     | Found a staircase to the Lair.
 12634 | D:11     | Reached skill level 10 in Armour
 12665 | D:11     | Noticed a death knight
 12671 | D:11     | Slain by a freezing wraith

Illustrated notes

Levels and vault maps discovered:
D:1:      minmay_arrival_stone_box, layout_rooms
D:2:      layout_basic, serial_shops, shop, shapermc_ecumenical_altar_hornbeckon
D:3:      layout_basic, uniq_grinder
D:4:      layout_basic, nicolae_kikubaaqudgha_miasma_corner,
          lemuel_temple_firewalk_b, nicolae_ossuary_entry_plus,
          nicolae_shop_overcharged_wands, uniq_natasha
D:5:      layout_cave_pools, okawaru_gym_becter, lemuel_coloured_pillars_altar
D:6:      layout_cave_pods, lemuel_mausoleum_altar_yredelemnul,
          palyth_stone_intersect, hangedman_abyss_or_decor_jellyfish_corner,
          uniq_sigmund, uniq_edmund
D:7:      layout_rooms
D:8:      layout_basic, mainiacjoe_overflow_tiny_flanked, uniq_psyche
D:9:      layout_roguey
D:10:     layout_roguey, minmay_overflow_temple_star_quad, zombieorc1_lemuel,
          grunt_ministairs_7
D:11:     minmay_cornered_nines, layout_stronghold, david_lair_generic
Temple:   eino_narrow_crystal_temple

Skill      XL: |  1  2  3  4  5  6  7  8  9 10 11 |
---------------+----------------------------------+-----
Long Blades    | 2 3 4 5 6 7 8 |  8.1
Armour         | 4 5 6 7 9 10 | 10.0
Shields        | 4 5 6 7 9 |  9.9
Invocations    | 1 2 3 4 5 6 |  6.4
Evocations     | 1 2 3 4 5 |  5.3
Fighting       | 4 5 6 7 |  7.4

Action                   |  1- 3 |  4- 6 |  7- 9 | 10-12 || total
-------------------------+-------+-------+-------+-------++-------
Melee: Long sword        |    76 |   122 |   566 |   549 ||  1313
       Unarmed           |       |       |       |     2 ||     2
Invok: Heroism           |       |       |       |     6 ||     6
  Use: Scroll            |     7 |     3 |     5 |     4 ||    19
       Potion            |     1 |     1 |     3 |     4 ||     9
 Stab: Invisible         |       |       |       |     1 ||     1
Armor: Scale mail        |    33 |    54 |   237 |       ||   324
       Skin              |       |    13 |       |       ||    13
       Chain mail        |       |       |   100 |   399 ||   499
Dodge: Dodged            |    31 |    57 |   219 |   193 ||   500
Block: Buckler           |    11 |    21 |   100 |       ||   132
       Kite shield       |       |       |    33 |   305 ||   338

Table legend: (Time is in decaauts)
 A = Elapsed time spent in this place.
 B = Non-inter-level travel time spent in this place.
 C = Inter-level travel time spent in this place.
 D = Time resting spent in this place.
 E = Time spent auto-exploring this place.
 F = Levels seen in this place.
 G = Mean time per level.
                   A        B        C        D        E       F      G
               +--------+--------+--------+--------+--------+-----+--------+
         Total |  12915 |  12469 |    446 |    682 |   8336 |  13 |  993.5 |
       Dungeon |  11927 |  11494 |    433 |    682 |   7787 |  11 | 1084.3 |
        Temple |    178 |    165 |     13 |      0 |     60 |   1 |  178.0 |
       Ossuary |    808 |    808 |      0 |      0 |    489 |   1 |  808.0 |
               +--------+--------+--------+--------+--------+-----+--------+

Top non-repeatable levels by time:
     D:6: 1790 daAuts
     D:4: 1557 daAuts
     D:2: 1235 daAuts
    D:10: 1227 daAuts
     D:5: 1115 daAuts
     D:3: 1069 daAuts
     D:9: 1038 daAuts
     D:8: 964 daAuts
     D:7: 852 daAuts
 Ossuary: 808 daAuts
     D:1: 719 daAuts
    D:11: 358 daAuts
  Temple: 178 daAuts
